[Event "Rohde op 09th"]
[Site "Sautron"]
[Date "2009.10.25"]
[Round "2"]
[White "Bedouin, Xavier"]
[Black "Wirig, Anthony"]
[Result "1/2-1/2"]
[ECO "C04"]
[WhiteElo "2353"]
[BlackElo "2491"]
[Annotator "RR"]
[PlyCount "94"]
[EventDate "2009.10.24"]
[EventType "swiss"]
[EventRounds "9"]
[EventCountry "FRA"]
[SourceTitle "EXT 2010"]
[Source "ChessBase"]
[SourceDate "2010.11.25"]
[SourceVersion "1"]
[SourceVersionDate "2010.11.25"]
[SourceQuality "1"]
[TimeControl "40/6000+30:1800+30"]

1. e4 e6 2. d4 d5 3. Nd2 Nc6 {[%csl Rc7] la variante GUIMARD} 4. Ngf3 Nf6 5. e5
Nd7 6. Nb3 Be7 (6... a5) 7. Bb5 a5 8. a4 Na7 9. Be2 (9. Bd3 {
plus actif} b6 10. O-O c5 11. c4 $5 {Sprenger,J (2426)-Vysochin,S (2553)
Lasker Memorial op 2002 (4) 1/2}) 9... b6 10. O-O (10. h4 $142 c5 11. h5 $14 {
Georgiev,K (2450)-Sahovic,D (2475) Athens 1983 (2) 1-0}) 10... c5 11. c3 Nc6
12. Be3 Ba6 13. Bxa6 $146 ({RR} 13. Bb5 Qc8 14. Rc1 O-O 15. c4 Nb4 16. Bxa6
Rxa6 17. Qe2 Ra7 18. Bd2 Qa6 19. Rfe1 Rc8 20. Kf1 Rac7 21. cxd5 Qxe2+ 22. Kxe2
exd5 23. Bf4 Ra7 24. dxc5 bxc5 25. Red1 Nf8 26. Be3 Ne6 27. Nfd4 Rac7 {Lukinov,
P (2327)-Yatshmenev,M/Gatchina 2000/EXT 2001/1-0 (45)}) 13... Rxa6 14. Qe2 $32 Ra8 15. c4 $5 Nb4 (15... cxd4 $6 16. cxd5) (15... O-O 16. cxd5
exd5 17. Rac1) 16. cxd5 Nxd5 17. dxc5 (17. Rac1) 17... bxc5 18. Rfc1 Qb6 19.
Nbd2 $5 Qxb2 20. Qd3 O-O 21. Nc4 $44 Qb7 22. Qe4 (22. Bg5 $5) 22... Rfb8 23.
Bd2 N5b6 24. Qxb7 Rxb7 25. Rcb1 Rbb8 26. Nxa5 Bf8 27. Kf1 Ra6 28. Rb5 Rba8 29.
g3 h6 30. h4 Nd5 31. Rc1 N7b6 $15 32. Ra1 Nc7 (32... c4 $5) 33. Rbb1 Nbd5 34.
Ne1 Nb4 35. Nb7 Rxa4 36. Rxa4 Rxa4 37. Rc1 Nca6 38. Be3 Nd5 39. Bxc5 Nxc5 40.
Nxc5 Ra2 41. Ne4 Ra4 42. Nc3 Nxc3 43. Rxc3 g5 44. hxg5 hxg5 45. f3 Bg7 46. Re3
Kh7 47. g4 Bf8 1/2-1/2